 Dungeon Crawl Stone Soup version 0.23.2-33-g5129a83184 (webtiles) character file.

Game seed: 14194643741432404041

169 DorianNounverber the Shooter (level 5, 33/42 HPs)
             Began as a Centaur Arcane Marksman on July 11, 2019.
             Got out of the dungeon alive.
             The game lasted 00:14:50 (2956 turns).

DorianNounverber the Shooter (CeAM)                 Turns: 2956, Time: 00:14:51

Health: 33/42      AC:  7    Str: 13    XL:     5   Next: 25%
Magic:  7/7        EV:  8    Int: 12    God:
Gold:   86         SH:  0    Dex: 10    Spells: 3/7 levels left

rFire    . . .     SeeInvis .   a - +0 shortbow
rCold    + . .     Gourm    .   (shield currently unavailable)
rNeg     . . .     Faith    .   h - +2 ring mail {rC+}
rPois    .         Spirit   .   (no helmet)
rElec    .         Reflect  .   (no cloak)
rCorr    .         Harm     .   (no gloves)
MR       .....                  (no barding)
Stlth    ..........             (no amulet)
HPRegen  0.14/turn              (no ring)
MPRegen  0.10/turn              (no ring)

@: very quick
A: large, hooves 3, deformed body, speed 2, tough skin 3
a: no special abilities


You escaped.
You were not hungry.

You visited 1 branch of the dungeon, and saw 3 of its levels.

You collected 86 gold pieces.

Inventory:

Hand Weapons
 a - a +0 shortbow (weapon)
Missiles
 d - 6 arrows (quivered)
Armour
 h - a +2 ring mail of cold resistance (worn)
Jewellery
 j - a cursed ring of teleportation {unknown}
Scrolls
 c - a scroll of blinking {unknown}
 g - 4 scrolls of identify {unknown}
 k - a scroll of immolation {unknown}
 m - 2 scrolls of amnesia {unknown}
 o - a scroll of enchant armour {unknown}
Potions
 b - a potion of invisibility {unknown}
 e - a potion of heal wounds {unknown}
 i - a potion of haste {unknown}
 l - a potion of flight {unknown}


   Skills:
 * Level 2.5 Fighting
 * Level 4.6 Bows
 * Level 0.3 Armour
 * Level 1.8 Dodging
 * Level 1.5 Spellcasting
 * Level 3.3 Hexes


You had 3 spell levels left.
You knew the following spells:

 Your Spells              Type           Power        Failure   Level  Hunger
a - Corona                Hex            #......      16%         1    ##.....
b - Inner Flame           Hex/Fire       #.......     67%         3    ####...

Your spell library contained the following spells:

 Spells                   Type           Power        Failure   Level  Hunger
 Slow                     Hex            #.......     24%         2    ###....
 Portal Projectile        Hex/Tloc       #.....       67%         3    ####...
 Cause Fear               Hex            #.........   83%         4    #####..
 Leda's Liquefaction      Hex/Erth       #.........   97%         4    #####..


Dungeon Overview and Level Annotations

Branches:
Dungeon (3/15)

Altars:
Gozag
Nemelex Xobeh


Innate Abilities, Weirdness & Mutations

You have hooves in place of feet.
Armour fits poorly on your strangely shaped body.
You cover ground very quickly.
You have extremely tough skin. (AC +3)


Message History

d - 4 arrows (gained 2)
Items here: ) [ | † an uncursed staff of power; a +0 club; a +0 leather armour; an orc corpse
d - 6 arrows (gained 2)
Things that are here:
a +0 flail; an orc corpse Unknown command.
Unknown command.
There is an escape hatch in the ceiling here.
A mysterious force pulls you upwards. The hatch slams shut behind you.
There is a stone staircase leading up here.
You climb upwards.
There is a stone staircase leading down here.
There is an escape hatch in the floor here.
You see here a +0 club.
There is a staircase leading out of the dungeon here.
Are you sure you want to leave the Dungeon?
This will make you lose the game!
Uppercase [Y]es or [N]o only, please.
Are you sure you want to leave the Dungeon?
This will make you lose the game!
You have escaped!

######## #..@...#
#########.##
#...#####..#
########..........#
####.......).........#
.......####..........#
.......# ####(#######
....>>.# #..#######
.).....# ##........#


There were no monsters in sight!

Vanquished Creatures
  2 orc priests
  3 adders (D:2)
  4 worms (D:2)
  4 dart slugs
  4 orcs (D:3)
  5 giant cockroaches
  6 hobgoblins
  5 jackals
  4 kobolds
  A quokka (D:2)
  6 bats
  2 frilled lizards
  9 goblins
  4 rats (D:1)
59 creatures vanquished.

Notes
Turn   | Place    | Note
-------+----------+-------------------------------------------
     0 | D:1      | DorianNounverber the Centaur Arcane Marksman began the
                  | quest for the Orb.
     0 | D:1      | Reached XP level 1. HP: 16/16 MP: 2/2
    67 | D:1      | Reached skill level 3 in Bows
    68 | D:1      | Reached XP level 2. HP: 23/23 MP: 0/3
   644 | D:1      | Reached XP level 3. HP: 28/28 MP: 2/4
  1255 | D:2      | Learned a level 3 spell: Inner Flame
  1575 | D:2      | Reached skill level 4 in Bows
  1575 | D:2      | Reached XP level 4. HP: 33/36 MP: 2/5
  1837 | D:2      | Found an opulent altar of Gozag.
  1838 | D:2      | Found a sparkling altar of Nemelex Xobeh.
  2890 | D:3      | Reached XP level 5. HP: 26/42 MP: 7/7
  2956 | D:$      | Got out of the dungeon alive.

Skill      XL: |  1  2  3  4 |
---------------+-------------+-----
Bows           | 3 4 |  4.6
Hexes          | 3 |  3.3
Fighting       | 2 |  2.5
Armour         | |  0.3
Dodging        | |  1.8
Spellcasting   | |  1.5

Action                   |  1- 3 |  4- 6 || total
-------------------------+-------+-------++-------
Melee: Shortbow          |       |    45 ||    45
       Kick              |       |    15 ||    15
 Fire: Shortbow          |   141 |    42 ||   183
 Cast: Corona            |    53 |    12 ||    65
  Eat: Ration            |     1 |     1 ||     2
       Chunk             |       |     2 ||     2
Armor: Ring mail         |    39 |    29 ||    68
Dodge: Dodged            |    39 |    33 ||    72
